 Dungeon Crawl Stone Soup version 0.28.0-45-g0d030f2227 (webtiles) character file.

Game seed: 2391791371314962579

23 Peloso the Skirmisher (level 2, -1/27 HPs)
             Began as a Minotaur Fighter on Apr 1, 2022.
             Frozen to death by an endoplasm (5 damage)
             ... on level 1 of the Dungeon.
             The game lasted 00:00:49 (588 turns).

Peloso the Skirmisher (Minotaur Fighter)             Turns: 588, Time: 00:00:49

Health: -1/27      AC:  7    Str: 20    XL:     2   Next: 72%
Magic:  1/1        EV:  9    Int:  5    God:
Gold:   20         SH:  4    Dex:  9    Spells: 1/1 levels left

rFire   . . .      SeeInvis .   a - +0 long sword
rCold   . . .      Faith    .   c - +0 buckler
rNeg    . . .      Spirit   .   b - +0 scale mail
rPois   .          Reflect  .   (helmet restricted)
rElec   .          Harm     .   (no cloak)
rCorr   .          Rampage  .   (no gloves)
Will    .....                   (no boots)
Stlth   ..........              (no amulet)
HPRegen 0.09/turn               (no ring)
MPRegen 0.07/turn               (no ring)

@: no status effects
A: horns 2, retaliatory headbutt
a: no special abilities


You were on level 1 of the Dungeon.
You visited 1 branch of the dungeon, and saw 1 of its levels.

You collected 20 gold pieces.

Inventory:

Hand Weapons
 a - a +0 long sword (weapon)
Armour
 b - a +0 scale mail (worn)
 c - a +0 buckler (worn)
Scrolls
 e - a scroll of identify {unknown}
 f - a scroll of vulnerability {unknown}
 g - a scroll of immolation {unknown}
 i - a scroll of fear {unknown}
Potions
 d - a potion of might
 h - a potion of mutation {unknown}


   Skills:
 + Level 4.0 Fighting
 + Level 3.0 Long Blades
 + Level 3.9 Armour
 + Level 0.2 Dodging
 + Level 3.9 Shields


You had one spell level left.
You didn't know any spells.
Your spell library contained the following spells:

 Spells                   Type           Power      Damage    Failure   Level
 Magic Dart               Conj           0%         1d3       89%         1
 Shock                    Conj/Air       0%         1d3       89%         1
 Frozen Ramparts          Ice            0%         1d2       99%         3
 Swiftness                Air            0%         N/A       99%         3
 Ice Form                 Ice/Tmut       0%         N/A       100%        4
 Summon Ice Beast         Ice/Summ       0%         N/A       100%        4
 Summon Lightning Spire   Summ/Air       0%         N/A       100%        4


Dungeon Overview and Level Annotations

Branches:
Dungeon (1/15)

Altars:


Innate Abilities, Weirdness & Mutations

You have a pair of horns on your head.
You reflexively headbutt those who attack you in melee.


Message History

A hobgoblin comes into view.
The hobgoblin shouts!
An endoplasm comes into view.
There are monsters nearby!
There are monsters nearby!
The endoplasm quivers.
You hit the hobgoblin.
The hobgoblin is almost dead.
The hobgoblin hits you.
You barely miss the hobgoblin.
The hobgoblin is almost dead.
The hobgoblin hits you but does no damage.
The endoplasm barely misses you. The hobgoblin barely misses you.
You barely miss the hobgoblin.
The hobgoblin is almost dead.
The endoplasm freezes you.
You are frozen.
The hobgoblin barely misses you.
You barely miss the hobgoblin.
The hobgoblin is almost dead.
The endoplasm barely misses you.
The hobgoblin hits you but does no damage.
You barely miss the hobgoblin.
The hobgoblin is almost dead.
The endoplasm freezes you.
You are frozen.
The hobgoblin hits you. The endoplasm barely misses you.
You barely miss the hobgoblin.
The hobgoblin is almost dead.
The hobgoblin hits you but does no damage.
The endoplasm freezes you.
You are frozen.
The hobgoblin hits you.
* * * LOW HITPOINT WARNING * * *
You barely miss the hobgoblin. You headbutt the hobgoblin.
You kill the hobgoblin!
The endoplasm freezes you.
You are frozen.
* * * LOW HITPOINT WARNING * * *
Your Long Blades skill increases to level 3!
The endoplasm freezes you.
You are frozen.
You die...

##.......##...
#.......#....
#.......#....
#.#...###....
##########
#.##### ##...
#........# #.#
#...
#........####)##
#...
##.......J.......
#...
.........@.....#
#...
###.#.........#
#.######.... #.#
### #.# #.# #.#
#.# #.#


You could see an endoplasm.

Vanquished Creatures
  2 endoplasms (D:1)
  2 goblins (D:1)
  6 hobgoblins (D:1)
  2 ball pythons (D:1)
  3 bats (D:1)
  A kobold (D:1)
  5 rats (D:1)
21 creatures vanquished.

Notes
Turn   | Place    | Note
-------+----------+-------------------------------------------
     0 | D:1      | Peloso the Minotaur Fighter began the quest for the Orb.
     0 | D:1      | Reached XP level 1. HP: 19/19 MP: 0/0
   202 | D:1      | Got the Grimoire of Lethal Weightlessness
   283 | D:1      | Reached XP level 2. HP: 20/27 MP: 1/1
   415 | D:1      | Reached skill level 4 in Fighting
   588 | D:1      | Frozen to death by an endoplasm

Illustrated notes

Levels and vault maps discovered:
D:1:      mushboom_english_gardens, layout_basic

Skill      XL: |  1  2 |
---------------+-------+-----
Fighting       | 4 |  4.0
Long Blades    | 3 |  3.0
Armour         | |  3.9
Dodging        | |  0.2
Shields        | |  3.9

Action                   || total
-------------------------++-------
Melee: Long sword        ||    43
       Headbutt          ||     6
Armor: Scale mail        ||    24
Dodge: Dodged            ||    21
Block: Buckler           ||     7
